Match 45185131
Unlisted

Match 45185131
End
Construct Section Command Post
Selects Canadian Shock Battlegroup
Selects Canadian Shock Battlegroup
Infantry Section
Infantry Section
ML 3-inch Mortar Team
Selects Attacking Spirit
Selects Canadian Shock Section
Canadian Shock Section
Construct Platoon Command Post
CMP 15cwt Truck
Selects Incendiary Munitions
Infantry Training
Grenade Package
Selects Pyrotechnics
6-pounder Anti-tank Gun Team
Unlock Bishop Self-propelled Artillery
Bishop Self-propelled Artillery
aion907(ROK)
That guy
jimmy82lao
MähnGiL
Kylen
꿀뜨개Honeydipper
0
0

Comments sign in to comment!

No comments posted yet!